 Dungeon Crawl Stone Soup version 0.22-a0-455-ga0624bf (webtiles) character file.

21 gmonis the Cudgeler (level 2, -2/27 HPs)
             Began as a Minotaur Berserker on June 5, 2018.
             Was a Follower of Trog.
             Slain by a jackal (3 damage)
             ... on level 1 of the Dungeon.
             The game lasted 00:02:06 (281 turns).

gmonis the Cudgeler (Minotaur Berserker)             Turns: 281, Time: 00:02:08

Health: -2/27      AC:  2    Str: 21    XL:     2   Next: 62%
Magic:  1/1        EV: 12    Int:  4    God:    Trog [*.....]
Gold:   35         SH:  0    Dex:  9    Spells: 1/1 levels left

rFire    . . .     SeeInvis .   a - +0 mace
rCold    . . .     Gourm    .   (no shield)
rNeg     . . .     Faith    .   b - +0 animal skin
rPois    .         Spirit   .   (helmet restricted)
rElec    .         Reflect  .   (no cloak)
rCorr    .         Harm     .   (no gloves)
MR       .....                  (no boots)
Stlth    +.........             (no amulet)
HPRegen  0.09/turn              (no ring)
MPRegen  0.07/turn              (no ring)

@: berserk cooldown, slowed, very slow
A: retaliatory headbutt, horns 2
a: Berserk, Renounce Religion


You were on level 1 of the Dungeon.
You worshipped Trog.
Trog was aware of your devotion.
You were not hungry.

You visited 1 branch of the dungeon, and saw 1 of its levels.

You collected 35 gold pieces.

Inventory:

Hand Weapons
 a - a +0 mace (weapon)
Missiles
 d - 27 stones (quivered)
Armour
 b - a +0 animal skin (worn)
 f - a +2 pair of boots
Jewellery
 e - an uncursed ring of magical power {unknown}
Comestibles
 c - a ration


   Skills:
 - Level 3.7 Fighting
 + Level 4.7 Maces & Flails
 - Level 2.4 Armour
 - Level 2.2 Dodging


You had one spell level left.
You didn't know any spells.
Your spell library was empty.

Dungeon Overview and Level Annotations

Branches:
Dungeon (1/15)

Altars:


Innate Abilities, Weirdness & Mutations

You reflexively headbutt those who attack you in melee.
You have a pair of horns on your head.


Message History

The jackal barely misses you. x2
You hit the jackal.
You kill the jackal!
Trog accepts your kill. The jackal bites you.
* * * LOW HITPOINT WARNING * * *
The jackal closely misses you.
The jackal bites you but does no damage. x2
You closely miss the jackal.
The jackal bites you but does no damage.
The jackal closely misses you. x2; The jackal bites you.
* * * LOW HITPOINT WARNING * * *
You barely miss the jackal. The jackal completely misses you.
The jackal bites you.
* * * LOW HITPOINT WARNING * * *
The jackal bites you but does no damage.
The jackal misses you. The jackal bites you.
* * * LOW HITPOINT WARNING * * *
The jackal bites you.
You die...

...≈≈≈≈.. #.#
..≈≈≈≈≈≈..... #........
#.#
≈≈≈≈≈§§≈≈....###........
#.#
≈≈≈≈≈≈≈≈≈≈...........!..
###
.≈≈§≈≈≈≈≈≈..............
..g≈≈≈≈≈≈≈≈≈..........
..≈≈≈§≈≈≈...........#
...≈≈≈≈.............#
...≈≈..........h@†..#
....≈........†+#h####
..†..........†+..#
............†.#..#
.....)..######†.>####
........# #.......#
..................h.#
...................h.hh[
........................


You could see 2 jackals.

Vanquished Creatures
  2 dart slugs (D:1)
  A giant cockroach (D:1)
  2 goblins (D:1)
  2 jackals (D:1)
  A ball python (D:1)
  2 bats (D:1)
  2 frilled lizards (D:1)
  4 kobolds (D:1)
16 creatures vanquished.

Notes
Turn   | Place    | Note
-------+----------+-------------------------------------------
     0 | D:1      | gmonis the Minotaur Berserker began the quest for the Orb.
     0 | D:1      | Reached XP level 1. HP: 19/19 MP: 0/0
   207 | D:1      | Reached skill level 4 in Maces & Flails
   249 | D:1      | Reached XP level 2. HP: 23/27 MP: 1/1
   281 | D:1      | HP: 1/27 [jackal (2)]
   281 | D:1      | Slain by a jackal

Vault maps used:
D:1:      lemuel_arrival_cross, lemuel_old_faithful

Skill      XL: |  1 |
---------------+----+-----
Maces & Flails | 4 |  4.7
Fighting       | |  3.7
Armour         | |  2.4
Dodging        | |  2.2

Action                   || total
-------------------------++-------
Melee: Mace              ||    31
       Headbutt          ||     2
Invok: Berserk           ||     1
Armor: Animal skin       ||    17
Dodge: Dodged            ||    33

Table legend:
 A = Spawn XP
 B = Non-spawn XP
 C = Spawn XP percentage of total XP
 D = Spawn monster count
 E = Non-spawn monster count
 F = Spawn count percentage of total count
 G = Total turns spent on level
                    A         B        C        D         E        F      G
               +---------+---------+-------+---------+---------+-------+---------
         Total |       0 |      30 |   0.0 |       0 |      16 |   0.0 |   281
               +---------+---------+-------+---------+---------+-------+---------
           D:1 |       0 |      30 |   0.0 |       0 |      16 |   0.0 |   281
               +---------+---------+-------+---------+---------+-------+---------
